 Dungeon Crawl Stone Soup version 0.31.0-12-g77e489cdc1 (webtiles) character file.

Game seed: 4670509023923426255

4493 Breakbloom the Basher (level 10, -2/55 HPs)
             Began as a Vine Stalker Fighter on Feb 25, 2024.
             Was a Believer of Lugonu.
             Killed by divine providence
             ... invoked by an orc priest
              (9 damage)
             ... on level 8 of the Dungeon.
             The game lasted 00:11:11 (5296 turns).

Breakbloom the Basher (Vine Stalker Fighter)        Turns: 5296, Time: 00:11:11

Health: -2/55      AC: 21    Str: 31    XL:     10   Next: 38%
Magic:  0/14       EV: 17    Int:  8    God:    Lugonu [**....]
Gold:   1505       SH:  5    Dex: 14    Spells: 9/9 levels left

rFire   + . .        w - +6 flail (protect)
rCold   + . .        c - +0 buckler
rNeg    + . .        l - +0 plate armour
rPois   .            v - +0 helmet
rElec   .            b - scarf of Vehumet's Pride {rC+ rF+, rN+ Str+2}
rCorr   .            (no gloves)
SInv    .            C - +0 pair of boots
Will    +....        (no amulet) Stlth
                     S - +6 ring of strength
HPRegen 1.09/turn    E - ring of the Hare {EV+10}
MPRegen 0.14/turn

%: guardian spirit
@: under a protective aura
A: fangs 3, regeneration 1, magic shield, antimagic bite, no potion heal 2
a: Renounce Religion, Depart the Abyss, Banish


You were on level 8 of the Dungeon.
You worshipped Lugonu.
Lugonu was pleased with you.
You visited 2 branches of the dungeon, and saw 9 of its levels.
You also visited: Ossuary.

You collected 1619 gold pieces.
You spent 114 gold pieces at shops.


Innate Abilities, Weirdness & Mutations

You have razor-sharp teeth.
Your natural rate of healing is unusually fast.
When hurt, damage is shared between your health and your magic reserves.
Your bite disrupts and absorbs the magic of your enemies.
Potions cannot restore your health.


   Skills:
 + Level 7.3 Fighting
 - Level 10.0 Maces & Flails
 - Level 4.0 Armour
 - Level 5.0 Shields
 - Level 4.0 Invocations


You had 9 spell levels left.
You didn't know any spells.
Your spell library contained the following spells:

 Spells                   Type           Power      Damage    Failure   Level
 Freeze                   Ice            0%         1d3       99%         1
 Magic Dart               Conj           0%         1d3       99%         1
 Sandblast                Erth           0%         2d4       99%         1
 Blink                    Tloc           0%         N/A       100%        2
 Call Imp                 Summ           0%         N/A       100%        2
 Frozen Ramparts          Ice            0%         1d1       100%        3
 Fugue of the Fallen      Necr           0%         N/A       100%        3
 Gell's Gravitas          Tloc           0%         N/A       100%        3
 Hailstorm                Conj/Ice       0%         3d5       100%        3
 Ozocubu's Armour         Ice            0%         N/A       100%        3
 Passwall                 Erth           0%         N/A       100%        3
 Stone Arrow              Conj/Erth      0%         3d7       100%        3
 Teleport Other           Tloc           0%         N/A       100%        3
 Brom's Barrelling Bould  Conj/Erth      0%         2d3       100%        4
 Manifold Assault         Tloc           0%         N/A       100%        4
 Dispersal                Tloc           0%         N/A       100%        6
 Disjunction              Tloc           0%         N/A       100%        8

Inventory:

Hand Weapons
 f - a +0 morningstar of draining
 w - a +6 flail of protection (weapon)
 J - a +0 demon whip of freezing
Missiles
 q - a throwing net {=f}
Armour
 b - the scarf of Vehumet's Pride (worn) {rC+ rF+, rN+ Str+2}
   (You acquired it on level 7 of the Dungeon)

   Str+2:     It affects your strength (+2).
   rN+:       It protects you from negative energy.
 c - a +0 buckler (worn)
 l - a +0 plate armour (worn)
 s - a +1 helmet
 v - a +0 helmet (worn)
 C - a +0 pair of boots (worn)
Magical Staves
 y - a staff of death {!a}
Jewellery
 E - the ring of the Hare (right hand) {EV+10}
   (You acquired it on level 7 of the Dungeon)

   [ring of evasion]

   EV+10:     It affects your evasion (+10).
 F - a ring of fire
 M - a ring of magical power
 S - a +6 ring of strength (left hand)
Wands
 u - a wand of polymorph (11)
Scrolls
 a - 2 scrolls of enchant weapon
 h - 3 scrolls of poison {unknown}
 i - a scroll of identify {@r1}
 k - a scroll of fog {unknown}
 p - 7 scrolls of teleportation {@r2}
 r - a scroll of amnesia {unknown}
 t - a scroll of blinking {unknown}
 x - 2 scrolls of noise {unknown}
 z - 2 scrolls of enchant armour {unknown}
 A - a scroll of immolation {unknown}
 B - a scroll of revelation {unknown}
 G - a scroll of fear {unknown}
Potions
 d - 4 potions of might
 e - 2 potions of lignification
 g - 6 potions of curing {@q1}
 j - a potion of enlightenment
 m - 2 potions of heal wounds {@q2}
 n - 2 potions of brilliance
 o - 3 potions of mutation
 D - a potion of degeneration
 H - a potion of resistance
 I - a potion of cancellation
 K - a potion of haste {unknown}

Dungeon Overview and Level Annotations

Branches:
Dungeon (8/15)             Temple (1/1) D:4            Lair (0/5) D:8
Ossuary (visited)

Altars:
Cheibriados
Dithmenos
Elyvilon
Fedhas
Gozag
Hepliaklqana
Kikubaaqudgha
Nemelex Xobeh
Okawaru
Uskayaw
Xom
Zin
Lugonu

Shops:
D:4 **   D:6 *

Annotations:
D:5 1 runed translucent door, biozard's ghost, amateur SpHu #...# #..# ...# ##...# ##.# #?..# #....## #.# #..... ##.....# ##.# ...... ##.....# #.## #...... ⚑#.#...### ##.# oo.....

#####....###..####oo.....
## ##.....#...#.h.oo.>..
###...###..@#.o.....
##..# ##..#ooP.... ####
#..# ##..#...... ...##
#.## ##.#...... ....# #.#
###).... ##..# #.## #...#
##..## #..# #... .....#
##..# .....###...##


You could see a wolf, 4 orc priests and 2 orcs.


Message History

The orc priest begins to cast a cantrip, but forgets the words!
The warg bites you. The orc hits you but does no damage.
You barely miss the warg. Your bite misses the warg.
The warg is heavily wounded.
The warg misses you. The orc priest misses you.
The orc priest invokes the aid of Beogh against you.
Beogh smites you!
You closely miss the warg. Your bite misses the warg.
The warg is heavily wounded.
You block the warg's attack.
The orc priest hits you but does no damage.
The wolf misses you. The warg bites you!
You sock the warg!
The warg is almost dead.
The wolf closely misses you. The warg misses you. The orc priest misses you.
You closely miss the warg.
The warg is almost dead.
The wolf bites you. The warg bites you!
* * * LOW HITPOINT WARNING * * *
The orc priest invokes the aid of Beogh against you.
Beogh smites you!
* * * LOW HITPOINT WARNING * * *
The wolf bites you.
* * * LOW HITPOINT WARNING * * *
The orc priest looks encouraged for a moment.
The warg barely misses you. The wolf attacks as it pursues you!
The wolf barely misses you.
The orc priest mumbles some strange prayers to Beogh against you.
Beogh smites you!
You die...

Skill      XL: |  1  2  3  4  5  6  7  8  9 10 |
---------------+-------------------------------+-----
Fighting       | 3 4 5 7 |  7.3
Shields        | 3 4 5 |  5.0
Armour         | 3 4 |  4.0
Maces & Flails | 3 4 7 10 | 10.0
Invocations    | 1 3 4 |  4.0

Action                     |  1- 3 |  4- 6 |  7- 9 | 10-12 || total
---------------------------+-------+-------+-------+-------++-------
  Melee: Flail             |    92 |   141 |   216 |    60 ||   509
         Bite              |    15 |    27 |    58 |    18 ||   118
  Evoke: Wand              |       |     2 |       |       ||     2
    Use: Scroll            |       |       |     9 |     9 ||    18
 Armour: Scale mail        |    45 |       |       |       ||    45
         Plate armour      |    20 |   110 |   198 |    37 ||   365
         Skin              |       |    24 |       |       ||    24
  Dodge: Dodged            |    42 |    39 |    72 |    51 ||   204
  Block: Buckler           |    25 |    36 |    70 |    19 ||   150

Levels and vault maps discovered:
D:1:      heliophobic_arrival_dark_side_of_the_moon, layout_loops_corners
D:2:      layout_basic, grunt_ministairs_15, minivault_23, wad_floor_pattern_1,
          minivault_19
D:3:      layout_basic, shapermc_ecumenical_altar_notcrosses
D:4:      layout_basic, minmay_temple_entry_grid, serial_shops, shop,
          nicolae_shop_tiny_glass, sigmund_edmund_badplayer, uniq_natasha,
          uniq_edmund
D:5:      layout_cave_pools, slow_altar_2, gammafunk_ghost_grave
D:6:      layout_gridville, zin_scriptorium, kennysheep_mini_moat,
          nicolae_shop_sticking_my_neck_out, uniq_menkaure, uniq_duvessa,
          uniq_pikel
D:7:      layout_rooms, mainiacjoe_overflow_tiny_flanked,
          nicolae_uskayaw_dance_studio, enter_ossuary_2
D:8:      layout_layer_cave, mainiacjoe_overflow_catwalk,
          nicolae_overflow_hidden_temple, erik_lair_orcish_takeover,
          uniq_jeremiah
Temple:   corrupted_temple

Notes
Turn   | Place    | Note
-------+----------+-------------------------------------------
     0 | D:1      | Breakbloom the Vine Stalker Fighter began the quest for the
                  | Orb.
     0 | D:1      | Reached XP level 1. HP: 11/11 MP: 2/2
   158 | D:1      | Reached skill level 3 in Fighting
   238 | D:1      | Reached XP level 2. HP: 16/16 MP: 3/3
   734 | D:1      | Reached XP level 3. HP: 21/21 MP: 4/4
  1091 | D:2      | Reached skill level 4 in Fighting
  1362 | D:2      | Reached skill level 3 in Shields
  1369 | D:2      | Reached XP level 4. HP: 25/25 MP: 5/5
  1698 | D:3      | Found a faded altar of an unknown god.
  1700 | D:3      | Noticed an ice beast
  1716 | D:3      | Killed an ice beast
  1717 | D:3      | Reached skill level 3 in Armour
  1717 | D:3      | Reached skill level 4 in Shields
  1717 | D:3      | Reached XP level 5. HP: 20/29 MP: 3/6
  2246 | D:4      | Noticed Natasha
  2257 | D:4      | Killed Natasha
  2258 | D:4      | Reached XP level 6. HP: 33/33 MP: 7/7
  2283 | D:4      | Noticed Natasha
  2297 | D:4      | Reached skill level 2 in Maces & Flails
  2298 | D:4      | Killed Natasha
  2315 | D:4      | Noticed Natasha
  2330 | D:4      | Killed Natasha
  2428 | D:4      | Found a staircase to the Ecumenical Temple.
  2446 | Temple   | Entered the Ecumenical Temple
  2460 | Temple   | Became a worshipper of Lugonu the Unformed
  2506 | D:4      | Found Tess's General Store.
  2555 | D:4      | Found Learheor's General Store.
  2566 | D:4      | Bought a scroll of brand weapon for 114 gold pieces
  2812 | D:4      | Noticed Edmund
  2814 | D:4      | Edmund changed into Edmund the adder
  2814 | D:4      | Noticed Edmund
  2817 | D:4      | Killed Edmund the adder
  2926 | D:4      | Identified the +2 robe of Follow the Leader {rN+ Will+
                  | Stlth+}
  2936 | D:4      | Noticed Sigmund
  2945 | D:4      | Killed Sigmund
  2946 | D:4      | Reached skill level 3 in Maces & Flails
  2946 | D:4      | Reached skill level 5 in Shields
  2946 | D:4      | Reached skill level 1 in Invocations
  2946 | D:4      | Reached XP level 7. HP: 37/37 MP: 7/9
  3019 | D:5      | Entered Level 5 of the Dungeon
  3032 | D:5      | Reached skill level 4 in Armour
  3032 | D:5      | Reached skill level 2 in Invocations
  3056 | D:5      | Found a runed translucent door.
  3057 | D:5      | Noticed biozard's ghost (amateur SpHu)
  3181 | D:5      | Reached skill level 4 in Maces & Flails
  3181 | D:5      | Reached skill level 3 in Invocations
  3185 | D:5      | Gained mutation: You have razor-sharp teeth. [Vine Stalker
                  | growth]
  3185 | D:5      | Reached XP level 8. HP: 42/42 MP: 11/11
  3383 | D:5      | Found a snail-covered altar of Cheibriados.
  3437 | D:6      | Reached * piety under Lugonu
  3438 | D:6      | Reached skill level 4 in Invocations
  3525 | D:6      | Noticed Menkaure
  3533 | D:6      | Killed Menkaure
  3534 | D:6      | Reached skill level 5 in Maces & Flails
  3593 | D:6      | Found a shimmering altar of Xom.
  3608 | D:6      | Reached skill level 6 in Maces & Flails
  3668 | D:6      | Noticed Pikel
  3688 | D:6      | Killed Pikel
  3689 | D:6      | Reached skill level 7 in Maces & Flails
  3689 | D:6      | Reached XP level 9. HP: 20/45 MP: 12/13
  3690 | D:6      | Reached skill level 8 in Maces & Flails
  3880 | D:6      | Found Opoiwoun's Neck Hole.
  3918 | D:6      | Noticed Duvessa
  3918 | D:6      | Noticed Dowan
  3931 | D:6      | Killed Duvessa
  3932 | D:6      | Reached skill level 9 in Maces & Flails
  3938 | D:6      | Killed Dowan
  4018 | D:6      | Found a glowing silver altar of Zin.
  4358 | D:7      | Found a sand-covered staircase.
  4363 | Ossuary  | Entered an ossuary
  4377 | Ossuary  | Reached ** piety under Lugonu
  4530 | Ossuary  | Identified a potion of resistance
  4597 | D:7      | Reached skill level 10 in Maces & Flails
  4603 | D:7      | Found a blossoming altar of Fedhas.
  4622 | D:7      | Reached skill level 5 in Fighting
  4622 | D:7      | Reached XP level 10. HP: 49/51 MP: 14/14
  4816 | D:7      | Found a hide-covered altar of Uskayaw.
  4901 | D:7      | Identified 5 scrolls of acquirement
  4903 | D:7      | Acquired the ring of the Hare {EV+10}
  4903 | D:7      | Found the ring of the Hare {EV+10}
  4907 | D:7      | Acquired a +0 demon whip of venom
  4910 | D:7      | Acquired 999 gold pieces
  4911 | D:7      | Acquired the scarf of Vehumet's Pride {rC+ rF+, rN+ Str+2}
  4923 | D:7      | Acquired a +0 morningstar of draining
  4955 | D:8      | Noticed a two-headed ogre
  4959 | D:8      | Killed a two-headed ogre
  4960 | D:8      | Reached skill level 6 in Fighting
  5116 | D:8      | Found an iron altar of Okawaru.
  5134 | D:8      | Reached skill level 7 in Fighting
  5283 | D:8      | Found a staircase to the Lair.
  5296 | D:8      | Killed from afar by an orc priest

Vanquished Creatures
  A two-headed ogre (D:8)
  Pikel (D:6)
  Sigmund (D:4)
  A steam dragon (D:7)
  Menkaure (D:6)
  Duvessa (D:6)
  A water moccasin (D:8)
  3 ice beasts
  2 sky beasts (D:7)
  A black bear (D:6)
  An ogre (D:7)
  A wolf (D:8)
  3 centaurs
  2 phantoms
  2 kobold brigands
  3 bullfrogs
  2 scorpions (D:6)
  Dowan (D:6)
  5 wights (D:7)
  A howler monkey (D:5)
  2 bombardier beetles (D:6)
  4 hounds
  A jelly (D:5)
  A gnoll bouda (D:6)
  An orc priest (D:6)
  A sleepcap (D:6)
  Natasha (thrice) (D:4)
  4 iguanas
  2 orc wizards
  8 mummies (Ossuary)
  8 gnolls
  8 adders
  2 white imps
  3 ribbon worms
  7 dart slugs
  10 orcs
  7 endoplasms
  5 giant cockroaches
  A gnoll zombie (Ossuary)
  9 goblins
  6 hobgoblins
  4 jackals (D:2)
  19 kobolds
  4 quokkas
  7 ball pythons
  4 bats
  5 frilled lizards
  2 hobgoblin zombies (Ossuary)
  4 kobold zombies (Ossuary)
  An orc zombie (Ossuary)
  5 rats
182 creatures vanquished.

Table legend: (Time is in decaauts)
 A = Elapsed time spent in this place.
 B = Non-inter-level travel time spent in this place.
 C = Inter-level travel time spent in this place.
 D = Time resting spent in this place.
 E = Time spent auto-exploring this place.
 F = Levels seen in this place.
 G = Mean time per level.
                   A        B        C        D        E       F      G
               +--------+--------+--------+--------+--------+-----+--------+
         Total |   5375 |   5177 |    198 |    139 |   3755 |  10 |  537.5 |
       Dungeon |   5163 |   4992 |    171 |    139 |   3654 |   8 |  645.4 |
        Temple |     28 |      2 |     26 |      0 |      0 |   1 |   28.0 |
       Ossuary |    183 |    183 |      0 |      0 |    101 |   1 |  183.0 |
               +--------+--------+--------+--------+--------+-----+--------+

Top non-repeatable levels by time:
     D:1: 946 daAuts
     D:4: 824 daAuts
     D:6: 811 daAuts
     D:2: 730 daAuts
     D:3: 566 daAuts
     D:7: 525 daAuts
     D:5: 421 daAuts
     D:8: 338 daAuts
 Ossuary: 183 daAuts
  Temple: 28 daAuts

Table legend:
 A = Non-vault XP
 B = Vault XP
 C = Vault XP percentage of total XP
 D = Non-vault monster count
 E = Vault monster count
 F = Vault count percentage of total count
                 A         B        C        D         E       F
            +---------+---------+-------+---------+---------+-------
      Total |    4691 |    1728 |  26.9 |     147 |      35 |  19.2
            +---------+---------+-------+---------+---------+-------
        D:1 |      36 |       0 |   0.0 |      21 |       0 |   0.0
        D:2 |      55 |       2 |   3.5 |      20 |       2 |   9.1
        D:3 |     209 |       0 |   0.0 |      18 |       0 |   0.0
        D:4 |     192 |     280 |  59.3 |      26 |       3 |  10.3
        D:5 |     643 |       4 |   0.6 |      12 |       1 |   7.7
        D:6 |    1217 |    1068 |  46.7 |      23 |       4 |  14.8
        D:7 |    1117 |     106 |   8.7 |      15 |       8 |  34.8
        D:8 |    1222 |     115 |   8.6 |      12 |       1 |   7.7
    Ossuary |       0 |     153 | 100.0 |       0 |      16 | 100.0
            +---------+---------+-------+---------+---------+-------
